 Dungeon Crawl Stone Soup version 0.30-a0-652-gcc886f7154 (webtiles) character file.

Game seed: 5769574428106261832

19107 Dirtsage the Transmogrifier (level 12, -3/70 HPs)
             Began as an Octopode Transmuter on Jan 17, 2023.
             Was a Believer of the Shining One.
             Killed by divine providence
             ... invoked by a meliai
              (10 damage)
             ... on level 3 of the Lair of Beasts.
             The game lasted 00:36:06 (14430 turns).

Dirtsage the Transmogrifier (Octopode Transmuter)  Turns: 14430, Time: 00:36:07

Health: -3/70      AC:  1    Str: 10    XL:     12   Next: 65%
Magic:  0/15       EV: 13    Int: 24    God:    the Shining One [**....]
Gold:   701        SH: 11    Dex: 12    Spells: 1/15 levels left

rFire   . . .      SeeInvis .      - Unarmed
rCold   + + .      Faith    .    (no shield)
rNeg    + + .      Spirit   +    (helmet restricted)
rPois   +          Reflect  .    d - amulet of guardian spirit
rElec   .          Harm     .    P - ring of poison resistance
rCorr   .          Rampage  .    N - ring of positive energy
Will    .....                    I - ring of protection from cold
Stlth   +                        C - +6 ring of intelligence
HPRegen 0.31/turn                W - ring of wizardry
MPRegen 0.14/turn                i - ring of protection from cold
                                 (no ring)
                                 (no ring)

@: divinely shielded, attractive, glowing
A: almost no armour, amphibious, 8 rings, camouflage 1, gelatinous body 1,
(nimble swimmer 1), tentacles, large bone plates 1, dopey 1
a: Renounce Religion, Divine Shield


You were on level 3 of the Lair of Beasts.
You worshipped the Shining One.
The Shining One was pleased with you.
You visited 3 branches of the dungeon, and saw 15 of its levels.
You also visited: Sewer.

You collected 701 gold pieces.

Inventory:

Missiles
 n - a throwing net
 G - a curare-tipped dart
Magical Staves
 J - a staff of poison
Jewellery
 d - an amulet of guardian spirit (around mantle)
 i - a ring of protection from cold (on tentacle)
 C - a +6 ring of intelligence (on tentacle)
 I - a ring of protection from cold (on tentacle)
 N - a ring of positive energy (right tentacle)
 P - a ring of poison resistance (left tentacle)
 W - a ring of wizardry (on tentacle)
Wands
 o - a wand of flame (30)
 s - a wand of roots (6)
 D - a wand of light (19)
 H - a wand of mindburst (7)
Scrolls
 b - a scroll of magic mapping
 j - 3 scrolls of immolation
 k - 2 scrolls of fog
 v - 4 scrolls of poison
 w - 3 scrolls of enchant armour
 x - 2 scrolls of noise {unknown}
 z - 2 scrolls of vulnerability
 A - 3 scrolls of enchant weapon {unknown}
 E - 2 scrolls of silence {unknown}
Potions
 a - 3 potions of lignification
 c - 2 potions of brilliance {unknown}
 e - 2 potions of flight {unknown}
 f - 3 potions of attraction
 g - 3 potions of berserk rage
 h - 2 potions of ambrosia
 l - 2 potions of heal wounds
 m - 3 potions of mutation
 p - 2 potions of invisibility {unknown}
 q - 7 potions of curing
 r - 3 potions of haste {unknown}
 u - 3 potions of might {unknown}
 F - a potion of cancellation {unknown}
 K - a potion of experience {unknown}
 L - 2 potions of resistance {unknown}


   Skills:
 - Level 1.9 Fighting
 - Level 2.6 Dodging
 - Level 3.4 Unarmed Combat
 - Level 2.0 Spellcasting
 * Level 13.5 Transmutations
 - Level 7.1 Ice Magic
 * Level 13.3 Air Magic
 - Level 1.6 Invocations


You had one spell level left.
You knew the following spells:

 Your Spells              Type           Power      Damage    Failure   Level
a - Beastly Appendage     Tmut           100%       N/A       1%          1
b - Wereblood             Tmut           61%        N/A       1%          2
c - Ice Form              Ice/Tmut       51%        N/A       1%          4
d - Storm Form            Tmut/Air       30%        N/A       16%         7

Your spell library contained the following spells:

 Spells                   Type           Power      Damage    Failure   Level
 Magic Dart               Conj           8%         1d3       4%          1
 Spider Form              Tmut/Pois      35%        N/A       1%          3
 Petrify                  Tmut/Erth      35%        N/A       3%          4
 Blink                    Tloc           4%         N/A       8%          2
 Lesser Beckoning         Tloc           4%         N/A       8%          2
 Searing Ray              Conj           4%         2d4       8%          2
 Gell's Gravitas          Tloc           2%         N/A       14%         3
 Teleport Other           Tloc           2%         N/A       14%         3
 Metabolic Englaciation   Hex/Ice        9%         N/A       30%         5
 Fulminant Prism          Conj/Hex       1%         3d5       41%         4
 Manifold Assault         Tloc           2%         N/A       41%         4
 Statue Form              Tmut/Erth      23%        N/A       41%         6
 Dispersal                Tloc           1%         N/A       99%         6
 Disjunction              Tloc           1%         N/A       100%        8


Dungeon Overview and Level Annotations

Branches:
Dungeon (10/15)            Temple (1/1) D:4            Lair (4/5) D:8
  Sewer (visited)
  Swamp: Lair:2-3    Shoals: Lair:2-3     Snake: Lair:2-3    Spider: Lair:2-3
  Slime: Lair:4-5       Orc: D:9-12

Altars:
Ashenzari
Dithmenos
Elyvilon
Fedhas
Hepliaklqana
Kikubaaqudgha
Makhleb
Nemelex Xobeh
Okawaru
Qazlal
Ru
Sif Muna
Trog
Uskayaw
Vehumet
Wu Jian
Xom
Zin
The Shining One

Shops:
D:10 *

Annotations:
Lair:1 1 runed translucent door


Innate Abilities, Weirdness & Mutations

You cannot wear most types of armour.
You are amphibious.
You can wear up to eight rings at the same time.
Your skin changes colour to match your surroundings (Stealth+).
Your rubbery body absorbs attacks. (AC +1, EV +1)
((You are camouflaged when in or above water. (Stealth+)))
You have tentacles for arms and can constrict up to eight enemies at once.
You are partially covered in large bone plates. (SH +4)
You are dopey. (Int -2)


Message History

You take 14 damage, and have 28/70 hp.
You now have 5/15 mp.
Casting: Storm Form (quite dangerous; 16% risk of failure)
Confirm with . or Enter, or press ? or * to list all spells.
You don't have enough magic to cast this spell.
An eight-headed hydra comes into view.
Casting: Storm Form (quite dangerous; 16% risk of failure)
Confirm with . or Enter, or press ? or * to list all spells.
You don't have enough magic to cast this spell.
Unknown command.
Casting: Storm Form (quite dangerous; 16% risk of failure)
Confirm with . or Enter, or press ? or * to list all spells.
You don't have enough magic to cast this spell.
Unknown command.
As you read the scroll of teleportation, it crumbles to dust.
You feel strangely unstable. The komodo dragon bites you.
You take 3 damage, and have 26/70 hp.
You now have 5/15 mp.
The komodo dragon bites you.
You now have 4/15 mp.
The komodo dragon completely misses you.
Your surroundings suddenly seem different.
A killer bee and a cane toad come into view.
The cane toad gives a loud, deep croak!
A meliai comes into view. It is wielding a +0 hand axe.
Okay, then.
Okay, then.
It was a potion of attraction.
You feel attractive to monsters. The cane toad closely misses you.
The cane toad stings you!!
* * * LOW HITPOINT WARNING * * *
The killer bee buzzes angrily.
The meliai buzzes angrily.
The killer bee is attracted toward you.
You take 21 damage, and have 6/70 hp.
MASSIVE DAMAGE!!
You now have 0/15 mp.
Blink to where?
Press: ? - help, Dir - move target
As you read the scroll of blinking, it crumbles to dust.
As you read the scroll of summoning, it crumbles to dust.
Wisps of shadow whirl around you...
The meliai invokes the aid of its god against you.
Something smites you!
You die...

##.....#
#.y...#
#F§...##
#.......#
##.y....#
#.....##
####....P#
#####.PP....P#
.......@SF..P#
...#..##.F#.##
#.. ..# #.
.... # ..#.#
.PP.# .P..#
....


You could see a meliai, a killer bee, a friendly black mamba (summoned,
wandering), a friendly cane toad (summoned) and a friendly bullfrog (summoned,
wandering).

Vanquished Creatures
  2 hydras (Lair:2)
  A boulder beetle (Lair:1)
  A death yak (D:8)
  A lindwurm (Lair:1)
  Pikel (D:4)
  9 elephants (Lair:2)
  2 black mambas (Lair:2)
  7 cane toads
  4 komodo dragons
  A troll (D:9)
  A polar bear (Lair:2)
  A hornet (D:9)
  The ghost of jazmu the Magician, an amateur FoEE (D:4)
  5 blink frogs (Lair:1)
  20 yaks
  2 wyverns
  A basilisk (Lair:1)
  2 steam dragons
  5 water moccasins
  2 orc warriors
  2 ice beasts
  A sky beast (D:6)
  3 ogres
  3 wolves (Lair:1)
  4 black bears
  2 centaurs (D:9)
  3 lemures (D:4)
  3 kobold brigands
  A phantom (D:5)
  4 bullfrogs
  A gnoll sergeant (D:6)
  A scorpion (D:5)
  4 wights (D:9)
  A howler monkey (D:7)
  3 hounds
  3 orc priests
  3 jellies
  An iguana (D:6)
  Natasha (thrice) (D:3)
  Terence (D:2)
  8 orc wizards
  A statue (D:6)
  12 adders
  8 gnolls
  6 river rats (Sewer)
  3 white imps
  2 ufetubi
  4 worms (D:3)
  3 dart slugs
  26 orcs
  7 endoplasms
  4 giant cockroaches
  3 goblins
  4 hobgoblins
  27 kobolds
  7 quokkas
  8 ball pythons
  2 bats
  5 frilled lizards
  28 rats
284 creatures vanquished.

Vanquished Creatures (others)
  7 fungi
  13 plants
  5 toadstools (Lair:1)
25 creatures vanquished.

Grand Total: 309 creatures vanquished

Notes
Turn   | Place    | Note
-------+----------+-------------------------------------------
     0 | D:1      | Dirtsage the Octopode Transmuter began the quest for the
                  | Orb.
     0 | D:1      | Reached XP level 1. HP: 13/13 MP: 3/3
   289 | D:1      | Reached skill level 1 in Ice Magic
   289 | D:1      | Reached XP level 2. HP: 14/18 MP: 3/5
   299 | D:1      | Learned a level 2 spell: Wereblood
   895 | D:2      | Noticed Terence
   905 | D:2      | Killed Terence
   906 | D:2      | Reached XP level 3. HP: 23/23 MP: 4/6
  1255 | D:2      | Identified the +10 quarterstaff of Valour {heavy, Int+3}
  1385 | D:2      | Reached XP level 4. HP: 19/28 MP: 3/7
  1610 | D:2      | Learned a level 4 spell: Ice Form
  1805 | D:3      | Noticed Natasha
  1815 | D:3      | Killed Natasha
  1992 | D:3      | Reached XP level 5. HP: 30/33 MP: 3/8
  2050 | D:3      | Noticed Natasha
  2054 | D:3      | Found a glowing golden altar of the Shining One.
  2059 | D:3      | Killed Natasha
  2070 | D:3      | Became a worshipper of the Shining One
  2097 | D:3      | Noticed Natasha
  2108 | D:3      | Killed Natasha
  2161 | D:3      | Found a glowing drain.
  2174 | Sewer    | Entered a sewer
  2292 | Sewer    | Reached XP level 6. HP: 32/38 MP: 2/9
  2926 | Sewer    | Reached skill level 5 in Transmutations
  3294 | D:3      | Found a faded altar of an unknown god.
  3544 | D:3      | Reached XP level 7. HP: 40/43 MP: 2/10
  3822 | D:4      | Noticed Pikel
  3840 | D:4      | Killed Pikel
  3841 | D:4      | Reached XP level 8. HP: 23/48 MP: 3/11
  4023 | D:4      | Reached * piety under the Shining One
  4152 | D:4      | Found a staircase to the Ecumenical Temple.
  4162 | Temple   | Entered the Ecumenical Temple
  4419 | D:4      | Found a runed translucent door.
  4419 | D:4      | Noticed jazmu's ghost (amateur FoEE)
  4445 | D:4      | Killed jazmu's ghost
  5292 | D:5      | Entered Level 5 of the Dungeon
  5533 | D:5      | Reached skill level 1 in Invocations
  5829 | D:5      | Identified a scroll of acquirement
  5830 | D:5      | Acquired an Inescapable Atlas
  5907 | D:5      | Reached skill level 1 in Air Magic
  6057 | D:5      | Reached XP level 9. HP: 54/54 MP: 7/12
  6910 | D:6      | Reached skill level 5 in Air Magic
  7143 | D:6      | Found a radiant altar of Vehumet.
  8605 | D:8      | Noticed a death yak
  8717 | D:8      | Noticed a death yak
  8718 | D:8      | Noticed a death yak
  8921 | D:8      | Reached ** piety under the Shining One
  8985 | D:8      | Found a staircase to the Lair.
  9018 | Lair:1   | Entered Level 1 of the Lair of Beasts
  9039 | Lair:1   | Reached XP level 10. HP: 60/60 MP: 8/13
  9242 | Lair:1   | Noticed a cane toad
  9261 | Lair:1   | Killed a cane toad
  9365 | Lair:1   | Found an ornate altar of the Wu Jian Council.
  9440 | Lair:1   | Identified the +6 long sword "Wuneoq" {flame, rPois}
  9575 | Lair:1   | Reached skill level 10 in Transmutations
  9764 | Lair:1   | Noticed a boulder beetle
  9930 | D:8      | Found a burning altar of Makhleb.
 10362 | D:9      | Paralysed by a hornet for 2 turns
 11170 | D:9      | Found an ornate altar of the Wu Jian Council.
 11376 | D:9      | Reached skill level 10 in Air Magic
 11382 | D:9      | Reached XP level 11. HP: 64/64 MP: 9/14
 11406 | D:9      | Learned a level 7 spell: Storm Form
 11672 | D:10     | Entered Level 10 of the Dungeon
 11672 | D:10     | Found Zin's Purification Station.
 11675 | D:10     | Found a glowing silver altar of Zin.
 11721 | D:10     | Noticed a two-headed ogre
 11965 | D:10     | Noticed a two-headed ogre
 12017 | D:8      | Killed a death yak
 12218 | Lair:1   | Killed a boulder beetle
 12331 | Lair:1   | Gained mutation: You are agile. (Dex +4, Str/Int -1)
                  | [mutagenic glow]
 12333 | Lair:1   | Lost mutation: You are agile. (Dex +4, Str/Int -1) [potion
                  | of mutation]
 12333 | Lair:1   | Gained mutation: You are dopey. (Int -2) [potion of
                  | mutation]
 12333 | Lair:1   | Gained mutation: You are partially covered in large bone
                  | plates. (SH +4) [potion of mutation]
 12339 | Lair:1   | HP: 2/96 [cane toad (7)]
 12666 | Lair:1   | Noticed a lindwurm
 12671 | Lair:1   | Killed a lindwurm
 12924 | Lair:1   | Noticed a dire elephant
 12924 | Lair:1   | Noticed a lindwurm
 12942 | Lair:1   | Found a runed translucent door.
 13384 | Lair:2   | Reached XP level 12. HP: 50/70 MP: 1/15
 13508 | Lair:2   | Noticed an eight-headed hydra
 13514 | Lair:2   | Killed an eight-headed hydra
 13717 | Lair:2   | Noticed a six-headed hydra
 13726 | Lair:2   | Killed a six-headed hydra
 14398 | Lair:2   | You are sucked into a shaft and drop 2 floors!
 14422 | Lair:3   | Noticed an eight-headed hydra
 14430 | Lair:3   | Killed from afar by a meliai

Illustrated notes

Levels and vault maps discovered:
D:1:      dpeg_arrival_shrine, layout_loops_ring
D:2:      minmay_evil_eye, layout_loops_ring, corexii_shack,
          hangedman_decor_push, serial_bayou_lagoon_b, uniq_terence
D:3:      layout_basic, mainiacjoe_overflow_concentric_impassable,
          dilly_ecumenical_altar_fadedgnrine, gup_sewer_entry_bubbles,
          due_unseen_surprise, uniq_natasha, uniq_crazy_yiuf_cottage
D:4:      layout_basic, minmay_temple_entry_arrows,
          hellmonk_ghost_happy_afterlife, dk_noncrumbling_3, minivault_11,
          minmay_misc_feat_tower, hangedman_decor_points, due_unseen_surprise,
          uniq_pikel
D:5:      layout_basic, kennysheep_generic_room_5
D:6:      layout_gridville, vehumet_statue
D:7:      layout_basic, hangedman_decor_riveting
D:8:      layout_basic, mainiacjoe_overflow_surrounded_room, dpeg_lair_monsters,
          kennysheep_nub
D:9:      layout_basic, nicolae_wu_jian_immortal_techniques,
          minmay_misc_feat_square
D:10:     layout_layer_cave, zin_purify, yredelemnul_altar_generic,
          jmf_multi_god_temple
Temple:   nicolae_temple_superstar
Lair:1:   gammafunk_lair_enchanted_lake, layout_chaotic_city, basic_altar,
          st_stairs_9, chequers_serial_rivers_large_b
Lair:2:   layout_loops_ring, minmay_stone_trees_small, st_stairs_11,
          grunt_megastairs_2
Lair:3:   layout_chaotic_city, minmay_swamp_entry_swarm,
          hellmonk_spider_entry_not_the_bees, lightli_volcano_entry_magma_tube,
          lemuel_oklob_altar, grunt_megastairs_4
Lair:4:   layout_roguey, slime_entry_1, gammafunk_ghost_wrathful_warriors,
          uniq_nessos, uniq_rupert, uniq_josephine

Skill      XL: |  1  2  3  4  5  6  7  8  9 10 11 12 |
---------------+-------------------------------------+-----
Ice Magic      | 1 2 3 4 6 7 |  7.1
Transmutations | 3 4 5 6 7 8 10 12 13 | 13.5
Invocations    | 1 |  1.6
Air Magic      | 1 7 10 12 13 | 13.3
Fighting       | |  1.9
Dodging        | |  2.6
Unarmed Combat | |  3.4
Spellcasting   | |  2.0

Action                   |  1- 3 |  4- 6 |  7- 9 | 10-12 || total
-------------------------+-------+-------+-------+-------++-------
Melee: Unarmed           |    58 |   158 |   227 |   329 ||   772
       Kick              |    10 |    38 |     8 |       ||    56
       Tentacles         |     9 |    39 |    10 |     1 ||    59
       Constrict         |    12 |    45 |    10 |       ||    67
       Punch             |     5 |     3 |     3 |     9 ||    20
       Quarterstaff      |     8 |     2 |       |       ||    10
 Cast: Beastly Appendage |    12 |    18 |     6 |     1 ||    37
       Wereblood         |       |    12 |     9 |    14 ||    35
       Ice Form          |       |     5 |    30 |    16 ||    51
       Storm Form        |       |       |       |    14 ||    14
Invok: Divine Shield     |       |       |       |     4 ||     4
 Abil: Blinkbolt         |       |       |       |     3 ||     3
Evoke: Wand              |       |       |     6 |    10 ||    16
  Use: Potion            |     1 |       |       |    14 ||    15
       Scroll            |       |       |    10 |     6 ||    16
 Stab: Sleeping          |     3 |       |       |       ||     3
Armor: Skin              |     6 |    12 |    65 |   137 ||   220
Dodge: Dodged            |    37 |    72 |    77 |   213 ||   399
Block: Other             |       |       |       |    16 ||    16

Table legend: (Time is in decaauts)
 A = Elapsed time spent in this place.
 B = Non-inter-level travel time spent in this place.
 C = Inter-level travel time spent in this place.
 D = Time resting spent in this place.
 E = Time spent auto-exploring this place.
 F = Levels seen in this place.
 G = Mean time per level.
                   A        B        C        D        E       F      G
               +--------+--------+--------+--------+--------+-----+--------+
         Total |  14394 |  13995 |    399 |    426 |  11235 |  16 |  899.6 |
       Dungeon |  10405 |  10047 |    358 |    423 |   7981 |  10 | 1040.5 |
        Temple |    118 |    110 |      8 |      0 |     96 |   1 |  118.0 |
          Lair |   2975 |   2942 |     33 |      3 |   2446 |   4 |  743.8 |
         Sewer |    894 |    894 |      0 |      0 |    712 |   1 |  894.0 |
               +--------+--------+--------+--------+--------+-----+--------+

Top non-repeatable levels by time:
  Lair:1: 1829 daAuts
     D:9: 1608 daAuts
     D:4: 1387 daAuts
     D:6: 1253 daAuts
     D:3: 1159 daAuts
     D:8: 1140 daAuts
  Lair:2: 1115 daAuts
     D:7: 1113 daAuts
     D:5: 954 daAuts
     D:2: 947 daAuts
   Sewer: 894 daAuts
     D:1: 776 daAuts
  Temple: 118 daAuts
    D:10: 64 daAuts
  Lair:4: 21 daAuts
